 Dungeon Crawl Stone Soup version 0.23.1 (webtiles) character file.

Game seed: 16044466262910534065

13350 Borgoz the Nimble (level 12, -5/97 HPs)
             Began as a Ghoul Enchanter on Mar 3, 2019.
             Was an Initiate of Ashenzari.
             Slain by a gargoyle
             ... wielding a +0 mace
              (8 damage)
             ... in a Gauntlet.
             The game lasted 00:27:14 (10386 turns).

Borgoz the Nimble (Ghoul Enchanter)                Turns: 10386, Time: 00:27:15

Health: -5/97      AC: 13    Str: 13    XL:     12   Next: 5%
Magic:  0/18       EV: 16    Int: 10    God:    Ashenzari [......]
Gold:   545        SH:  0    Dex: 13    Spells: 15/20 levels left

rFire    . . .     SeeInvis .   b - +0 rapier (drain)
rCold    + . .     Gourm    .   (no shield)
rNeg     + + +     Faith    .   C - +1 leather armour {MR+}
rPois    ∞         Spirit   +   (no helmet)
rElec    .         Reflect  .   P - +0 cloak
rCorr    .         Harm     .   G - +0 pair of gloves (curse)
MR       +....     NoTele   +   (no boots)
Stlth    +++.......             w - amulet of guardian spirit (curse)
HPRegen  0.00/turn              c - +4 ring of protection (curse)
MPRegen  0.16/turn              F - +2 ring of protection

@: very slightly contaminated, rotting
A: rotting body, claws 1, carnivore, cold resistance 1, negative energy
resistance 3, inhibited regeneration, torment resistance, unbreathing
a: Curse Item, Renounce Religion


You were in a Gauntlet.
You worshipped Ashenzari.
Ashenzari was noncommittal.
You were not hungry.

You visited 3 branches of the dungeon, and saw 11 of its levels.
You also visited: Gauntlet.

You collected 545 gold pieces.

Inventory:

Hand Weapons
 a - a +4 dagger of speed
 b - a +0 rapier of draining (weapon)
 g - a +2 vampiric dagger
 D - a +0 short sword of holy wrath
Missiles
 m - 8 silver javelins (quivered)
Armour
 C - a +1 leather armour of magic resistance (worn)
 G - a cursed +0 pair of gloves (worn)
 P - a +0 cloak (worn)
Jewellery
 c - a cursed +4 ring of protection (left hand)
 f - a +3 amulet of reflection
 t - an uncursed ring of ice
 w - a cursed amulet of guardian spirit (around neck)
 F - a +2 ring of protection (right hand)
 J - an uncursed amulet of the acrobat
 L - an uncursed ring of resist corrosion
Wands
 z - a wand of polymorph (8)
 A - a wand of digging (7)
 E - a wand of disintegration (6)
 M - a wand of random effects (40)
 O - a wand of acid (3)
 Q - a wand of flame (8)
Scrolls
 h - a scroll of fog
 i - 3 scrolls of teleportation
 o - 5 scrolls of remove curse
 p - a scroll of amnesia
 r - a scroll of enchant weapon
 y - 2 scrolls of magic mapping
 B - 3 scrolls of fear
Potions
 k - a potion of curing
 n - 4 potions of haste
 s - 5 potions of flight
 v - 2 potions of invisibility
 H - a potion of cancellation
 I - a potion of brilliance
Comestibles
 d - 24 rations


   Skills:
 + Level 6.9 Fighting
 * Level 8.4 Short Blades
 - Level 4.0 Throwing
 + Level 5.8 Armour
 * Level 8.6 Dodging
 + Level 7.1 Stealth
 + Level 4.7 Spellcasting
 + Level 5.1 Hexes


You had 15 spell levels left.
You knew the following spells:

 Your Spells              Type           Power        Failure   Level  Hunger
a - Corona                Hex            ##.....      3%          1    #......
b - Confuse               Hex            ##......     11%         3    ###....
c - Confusing Touch       Hex            ##....       3%          1    #......

Your spell library contained the following spells:

 Spells                   Type           Power        Failure   Level  Hunger
 Tukima's Dance           Hex            ##......     11%         3    ###....
 Ensorcelled Hibernation  Hex/Ice        #.....       16%         2    ##.....
 Summon Small Mammal      Summ           #...         28%         1    #......
 Dazzling Spray           Conj/Hex       #.....       30%         3    ###....
 Summon Guardian Golem    Hex/Summ       #.......     30%         3    ###....
 Call Imp                 Summ           #.......     41%         2    ##.....
 Call Canine Familiar     Summ           #.......     65%         3    ###....
 Gell's Gravitas          Tloc           #.........   65%         3    ###....
 Petrify                  Tmut/Erth      #.......     96%         4    #####..
 Summon Ice Beast         Ice/Summ       #.......     96%         4    #####..
 Summon Lightning Spire   Summ/Air       #.......     96%         4    #####..
 Metabolic Englaciation   Hex/Ice        #.........   96%         5    ######.
 Yara's Violent Unravell  Hex/Tmut       #.........   96%         5    ######.


Dungeon Overview and Level Annotations

Branches:
Dungeon (9/15)             Temple (1/1) D:4            Lair (1/6) D:9
    Orc: D:9-12

Altars:
Ashenzari
Cheibriados
Dithmenos
Elyvilon
Fedhas
Gozag
Hepliaklqana
Kikubaaqudgha
Makhleb
Nemelex Xobeh
Okawaru
Qazlal
Ru
Sif Muna
Trog
Uskayaw
Vehumet
Wu Jian
Xom
Yredelemnul
Zin
The Shining One

Annotations:
D:9 1 runed translucent door, nikopol's ghost, novice MiBe Gauntlet 9 transporters


Innate Abilities, Weirdness & Mutations

Your body is rotting away.
You thrive on raw meat.
You are immune to poison.
You have sharp fingernails.
You are carnivorous and can eat meat at any time.
Your flesh is cold resistant. (rC+)
You are immune to negative energy. (rN+++)
You do not regenerate when monsters are visible.
You are immune to unholy pain and torment.
You can survive without breathing.


Message History

The catoblepas breathes a plume of calcifying dust at you.
The blast of calcifying dust hits you.
Blink to where?
Press: ? - help, Dir - move target cursor You are very lightly contaminated with residual magic.
As you read the scroll of blinking, it crumbles to dust.
The gargoyle closely misses you. The catoblepas gores you!
* * * LOW HITPOINT WARNING * * *
You puncture the catoblepas! You drain the catoblepas.
The catoblepas is severely wounded.
The catoblepas breathes a plume of calcifying dust at you.
The blast of calcifying dust hits you but does no damage.
The gargoyle hits you with a +0 mace!
* * * LOW HITPOINT WARNING * * *
You hit the gargoyle but do no damage. The catoblepas gores you!
* * * LOW HITPOINT WARNING * * *
You hit the catoblepas but do no damage.
The catoblepas is severely wounded.
The gargoyle hits you with a +0 mace!
You die...

#....≈....#.©.#.....#
#.8.≈8≈.8.#...#.8...###
#....≈....#.§.#.....#8#
####...###########..###
...#...#.........#..#
#^.#...#.#....9#.#..###
##.#####.##...##.#..#8#
.#.#...#..##.##..#..###
...#©.©#....©.§9@#..#
.#.#...#..#####Y9#..###
##.#####.##...##.#..#8#
#^.#...#Y#.....#§#..###
...#.8.#...=©...§#..#
####...###########..###
....................#8#
..................§≈###
#####################


You could see a catoblepas and 2 gargoyles.

Vanquished Creatures
  A two-headed ogre (D:8)
  Joseph (D:7)
  A komodo dragon (Lair:1)
  3 shadows (Gauntlet)
  Grum (D:8)
  An ice beast (D:6)
  A black bear (D:6)
  4 phantoms
  4 ogres
  10 wolves
  4 centaurs
  6 bullfrogs
  2 big kobolds (D:8)
  A water moccasin zombie (D:8)
  A wyvern skeleton (D:7)
  4 scorpions
  9 killer bees
  7 wights
  4 howler monkeys
  4 crimson imps
  A centaur zombie (D:6)
  2 bullfrog zombies
  4 hounds
  3 centaur skeletons
  2 jellies
  3 orc priests
  2 bullfrog skeletons
  Ijyb (D:4)
  An iguana (D:8)
  6 orc wizards
  11 worker ants
  A killer bee zombie (D:6)
  A worker ant zombie (D:8)
  9 adders
  6 shadow imps
  3 adder skeletons
  2 worms (D:4)
  A dart slug (D:4)
  8 leopard geckos
  27 orcs
  10 bats
  6 giant cockroaches
  5 goblins
  8 hobgoblins
  10 jackals
  4 quokkas
  3 ball pythons
  4 frilled lizards
  A jackal skeleton (D:9)
  15 kobolds
  A leopard gecko zombie (D:7)
  2 quokka skeletons
  8 rats
240 creatures vanquished.

Vanquished Creatures (others)
  An orc wizard (D:7)
  3 demonic plants (Gauntlet)
4 creatures vanquished.

Grand Total: 244 creatures vanquished

Notes
Turn   | Place    | Note
-------+----------+-------------------------------------------
     0 | D:1      | Borgoz the Ghoul Enchanter began the quest for the Orb.
     0 | D:1      | Reached XP level 1. HP: 14/14 MP: 2/2
   382 | D:1      | Reached skill level 1 in Short Blades
   387 | D:1      | Reached XP level 2. HP: 6/19 MP: 3/3
   938 | D:1      | Reached XP level 3. HP: 21/27 MP: 4/4
  1293 | D:2      | Found a radiant altar of Vehumet.
  1324 | D:2      | Noticed a phantom
  1423 | D:2      | Killed a phantom
  1423 | D:2      | Reached skill level 1 in Fighting
  1423 | D:2      | Reached XP level 4. HP: 3/35 MP: 1/6
  1423 | D:2      | Reached XP level 5. HP: 3/40 MP: 1/7
  1738 | D:2      | Reached skill level 1 in Armour
  1772 | D:2      | Found a glowing silver altar of Zin.
  2629 | D:4      | Reached XP level 6. HP: 35/47 MP: 8/8
  2720 | D:4      | Noticed a phantom
  2769 | D:4      | Killed a phantom
  2799 | D:4      | Reached skill level 1 in Throwing
  2839 | D:4      | Reached XP level 7. HP: 23/55 MP: 9/9
  2940 | D:4      | Found a staircase to the Ecumenical Temple.
  2963 | D:4      | Noticed Ijyb
  2992 | D:4      | Killed Ijyb
  3367 | D:5      | Entered Level 5 of the Dungeon
  3593 | Temple   | Entered the Ecumenical Temple
  4159 | D:5      | Reached XP level 8. HP: 42/62 MP: 7/11
  4237 | D:5      | Found a faded altar of an unknown god.
  4237 | D:5      | Found a bloodstained altar of Trog.
  4243 | D:5      | Found a faded altar of an unknown god.
  4245 | D:5      | Found a sacrificial altar of Ru.
  4246 | D:5      | Found a burning altar of Makhleb.
  4931 | D:6      | Reached skill level 5 in Stealth
  5343 | D:6      | Reached XP level 9. HP: 61/70 MP: 10/13
  5381 | D:7      | Reached skill level 5 in Dodging
  6068 | D:6      | Reached skill level 5 in Short Blades
  6678 | D:7      | Noticed Joseph
  6705 | D:7      | Killed Joseph
  6920 | D:7      | Learned a level 3 spell: Confuse
  6922 | D:7      | Learned a level 1 spell: Confusing Touch
  7132 | D:8      | Reached XP level 10. HP: 63/80 MP: 11/15
  7300 | D:8      | Noticed Grum
  7315 | D:8      | Noticed a two-headed ogre
  7627 | D:8      | Killed a two-headed ogre
  8010 | D:8      | Killed Grum
  8199 | D:8      | Reached skill level 5 in Fighting
  8243 | D:8      | Found a sparkling altar of Nemelex Xobeh.
  8508 | D:8      | Found a radiant altar of Vehumet.
  8984 | D:9      | Found a shattered altar of Ashenzari.
  9070 | D:9      | Found a staircase to the Lair.
  9207 | D:9      | Became a worshipper of Ashenzari the Shackled
  9360 | D:9      | Found a runed translucent door.
  9360 | D:9      | Found a shimmering altar of Xom.
  9360 | D:9      | Noticed nikopol's ghost (novice MiBe)
  9360 | D:9      | Noticed a +2 flail of chaos
  9661 | Lair:1   | Entered Level 1 of the Lair of Beasts
  9813 | Lair:1   | Reached skill level 5 in Hexes
  9835 | Lair:1   | Found a gate leading to a gauntlet.
  9844 | Gauntlet | Entered a Gauntlet
  9844 | Gauntlet | Found a transporter.
  9844 | Gauntlet | Found a transporter.
  9844 | Gauntlet | Found a transporter.
  9844 | Gauntlet | Found a transporter.
  9844 | Gauntlet | Noticed a hell beast
  9848 | Gauntlet | Found a transporter.
  9850 | Gauntlet | Noticed a cyan ugly thing
  9857 | Gauntlet | Noticed a glowing orange brain
  9858 | Gauntlet | Found a transporter.
  9862 | Gauntlet | Found a transporter.
  9924 | Gauntlet | Found a transporter.
  9933 | Gauntlet | Noticed a gargoyle
  9934 | Gauntlet | Noticed a gargoyle
  9940 | Gauntlet | Found a transporter.
  9941 | Gauntlet | Noticed a catoblepas
  9949 | Gauntlet | Found a transporter.
  9959 | Gauntlet | Found a transporter.
  9974 | Gauntlet | Found a transporter.
 10060 | Gauntlet | Reached XP level 11. HP: 34/87 MP: 11/17
 10065 | Gauntlet | HP: 3/87 [something (19)]
 10071 | Gauntlet | HP: 4/87 [something (15)]
 10072 | Gauntlet | Reached skill level 5 in Armour
 10072 | Gauntlet | Reached XP level 12. HP: 4/96 MP: 3/18
 10385 | Gauntlet | HP: 3/97 [catoblepas (12)]
 10386 | Gauntlet | Slain by a gargoyle

Skill      XL: |  1  2  3  4  5  6  7  8  9 10 11 |
---------------+----------------------------------+-----
Short Blades   | 1 2 3 4 5 6 8 |  8.4
Dodging        | 2 3 4 5 7 8 |  8.6
Spellcasting   | 2 3 4 |  4.7
Fighting       | 1 2 3 4 5 6 |  6.9
Armour         | 1 2 3 4 5 |  5.8
Hexes          | 3 4 5 |  5.1
Stealth        | 4 5 6 7 |  7.1
Throwing       | 1 2 3 4 |  4.0

Action                   |  1- 3 |  4- 6 |  7- 9 | 10-12 || total
-------------------------+-------+-------+-------+-------++-------
Melee: Dagger            |   180 |   232 |   938 |   453 ||  1803
       Rapier            |       |       |       |   182 ||   182
 Cast: Corona            |     7 |     2 |    12 |       ||    21
       Confusing Touch   |       |       |       |     1 ||     1
Invok: Curse Item        |       |       |       |     3 ||     3
Evoke: Wand              |       |       |    10 |     3 ||    13
  Use: Potion            |     2 |       |     3 |    10 ||    15
       Scroll            |       |       |    10 |    13 ||    23
 Stab: Sleeping          |     4 |     3 |     7 |     1 ||    15
       Confused          |       |       |       |     1 ||     1
       Invisible         |       |       |       |     1 ||     1
  Eat: Chunk             |    13 |     8 |    33 |    26 ||    80
Armor: Robe              |    40 |     4 |       |       ||    44
       Ring mail         |       |    57 |   217 |    28 ||   302
       Leather armour    |       |       |       |   102 ||   102
Dodge: Dodged            |    90 |    90 |   322 |   363 ||   865
